 Dungeon Crawl Stone Soup version 0.17-b1-15-g0f5fb43 (webtiles) character file.

271465 Eucla the Warrior (level 20, -2/140 HPs)
             Began as a Gargoyle Berserker on Nov 7, 2015.
             Was a High Priest of Trog.
             Killed from afar by a balrug (6 damage)
             ... with a fireball
             ... summoned by a deep elf demonologist
             ... on level 3 of the Elven Halls.
             The game lasted 01:37:50 (42715 turns).

Eucla the Warrior (Gargoyle Berserker)             Turns: 42715, Time: 01:37:50

Health: -2/140     AC: 54    Str: 25    XL:     20   Next: 23%
Magic:  29/29      EV: 27    Int: 12    God:    Trog [*****.]
Gold:   2809       SH:  0    Dex: 15    Spells: 0 memorised, 19 levels left

rFire  . . .     SeeInvis +     k - +4 executioner's axe of the Common Good {venom, rC- Str+2 Stlth+}
rCold  x . .     Clarity  +     m - +7 plate armour of Intuition {Int+3}
rNeg   + + .     SustAt   .     (shield currently unavailable)
rPois  ∞         Gourm    .     f - +2 helmet
rElec  +         Spirit   .     S - +1 cloak {+Inv}
rCorr  .         Warding  .     Y - +1 pair of gloves
rMut   .         Stasis   .     r - +2 pair of boots {run}
MR     ++++.                    n - amulet of the Four Winds {Clar rN+ MR+++}
Stlth  ..........               b - +3 ring of evasion
                                T - ring of Shaolin {EV+8}

@: exhausted, flying, slowed, very slow, incredibly resistant to hostile
enchantments, extremely unstealthy
A: big wings, rugged brown scales 1, see invisible, negative energy resistance
1, electricity resistance, unbreathing, petrification resistance, rot immunity,
AC +15
a: Stop Flying, Berserk, Trog's Hand, Brothers in Arms, Burn Spellbooks,
Renounce Religion, Evoke Invisibility
}: 2/15 runes: decaying, serpentine


You were on level 3 of the Elven Halls.
You worshipped Trog.
Trog was extremely pleased with you.
You were not hungry.

You visited 6 branches of the dungeon, and saw 38 of its levels.
You also visited: Labyrinth, Bailey, Ice Cave and Volcano.

You collected 5280 gold pieces.
You spent 2471 gold pieces at shops.

Inventory:

Hand Weapons
 k - the +4 executioner's axe of the Common Good (weapon) {venom, rC- Str+2 Stlth+}
   (You acquired it on level 6 of the Lair of Beasts)

   It poisons the flesh of those it strikes.
   It affects your strength (+2).
   It makes you vulnerable to cold.
   It makes you more stealthy.
 s - a +4 executioner's axe of freezing
 J - a +2 battleaxe of electrocution
 K - a +3 executioner's axe of pain
Armour
 f - a +2 helmet (worn)
 m - the +7 plate armour of Intuition (worn) {Int+3}
   (You took it off a deep elf high priest on level 3 of the Elven Halls)

   It affects your intelligence (+3).
 r - a +2 pair of boots of running (worn)
 M - the +8 chain mail "Jererrut" {rC+}
   (You found it on level 3 of the Lair of Beasts)

   It protects you from cold.
 S - a +1 cloak of invisibility (worn)
 Y - a +1 pair of gloves (worn)
Jewellery
 a - the amulet "Huufiune" {rMut rC++}
   (You found it on level 9 of the Dungeon)

   [amulet of resist mutation]

   It protects you from mutation.
   It greatly protects you from cold.
 b - a +3 ring of evasion (right hand)
 i - the ring of the Many Blessings {+/*Tele +Blink rElec Int+3 Dex-4, unknown}
   (You took it off a deep elf high priest on level 3 of the Elven Halls)

   [ring of teleportation]

   It may teleport you to nearby monsters, and can be evoked to randomly
   teleport.
   It affects your intelligence (+3).
   It affects your dexterity (-4).
   It insulates you from electricity.
   It lets you blink.
 n - the amulet of the Four Winds (around neck) {Clar rN+ MR+++}
   (You found it in an ice cave)

   [amulet of clarity]

   It provides mental clarity.
   It protects you from negative energy.
   It affects your resistance to hostile enchantments.
 v - the amulet of Trog's Scorn {Spirit Str+7}
   (You found it in an ice cave)

   [amulet of guardian spirit]

   It causes incoming damage to be split between your health and magic.
   It affects your strength (+7).
 w - an uncursed ring of protection from fire {unknown}
 F - an uncursed amulet of stasis {unknown}
 Q - an uncursed amulet of rage {unknown}
 T - the ring of Shaolin (left hand) {EV+8}
   (You found it on level 4 of the Lair of Beasts)

   [ring of evasion]

   It affects your evasion (+8).
 Z - an uncursed amulet of faith {unknown}
Wands
 I - a wand of disintegration (10)
 N - a wand of teleportation (3)
Scrolls
 e - a scroll of blinking
 g - 8 scrolls of teleportation
 h - 10 scrolls of fog
 t - 2 scrolls of identify
 y - 9 scrolls of remove curse
 A - 5 scrolls of enchant weapon
 C - 7 scrolls of recharging
 H - a scroll of holy word
 R - 6 scrolls of magic mapping
 X - 8 scrolls of enchant armour
Potions
 d - 2 potions of heal wounds
 j - 3 potions of haste
 l - 4 potions of might
 o - a potion of invisibility
 p - a potion of brilliance
 x - 18 potions of curing
 z - 3 potions of agility
 E - 2 potions of berserk rage
 L - a potion of cancellation
 P - 3 potions of cure mutation {unknown}
 V - 3 potions of magic
 W - a potion of resistance
Miscellaneous
 u - a lamp of fire
 B - a box of beasts
 D - a lamp of fire
 O - a sack of spiders {used: 1}
Comestibles
 c - 25 bread rations
 q - 5 meat rations


   Skills:
 + Level 18.0 Fighting
 + Level 15.5 Axes
 + Level 17.8 Armour
 + Level 14.6 Dodging
 - Level 13.3 Evocations


You had 19 spell levels left.
You didn't know any spells.

Dungeon Overview and Level Annotations

Branches:
Dungeon (15/15)            Temple (0/1) D:4            Lair (8/8) D:10
  Swamp (4/4) Lair:5        Snake (4/4) Lair:6        Slime (0/6) Lair:7
    Orc (4/4) D:9             Elf (3/3) Orc:4        Vaults (0/5) D:13
 Depths (0/5) D:15

Altars:
Cheibriados
Dithmenos
Elyvilon
Fedhas
Gozag
Kikubaaqudgha
Okawaru
Qazlal
Sif Muna
Xom
Yredelemnul
Zin
The Shining One

Shops:
D:5 :   D:10 }   Orc:4 [(*=   Elf:2 *   Elf:3 **   Snake:3 (?(


Innate Abilities, Weirdness & Mutations

You are resistant to torment.
Your stone body is resilient (AC +15).
You are immune to poison.
Your large and strong wings let you fly indefinitely.
You resist negative energy.
You are resistant to electric shocks.
You can survive without breathing.
You are immune to petrification.
You are immune to rotting.
You are partially covered in rugged brown scales (AC +1, +3% HP).
You have supernaturally acute eyesight.


Message History

* * * LOW HITPOINT WARNING * * *
Unknown command.
The ynoxinul gestures.
The Executioner hits you but does no damage.
The Executioner barely misses you.
The Executioner hits you but does no damage.
You see here a long sword.
Unknown command.
You feel a strong urge to attack something.
The Executioner completely misses you. The Executioner hits you.
* * * LOW HITPOINT WARNING * * *
The Executioner completely misses you.
Unknown command.
You are no longer berserk.
You are exhausted.
You feel yourself slow down.
The ynoxinul gestures.
The balrug gestures at you.
The fireball explodes!
The fireball engulfs the Executioner.
The Executioner resists.
The fireball engulfs you!
You die...

###)### #..)).# #.)...# ##.).##
###.### ###.....###
**#.......(.###
***#.............####
****,,.........@1..3(..###*
**,,,,,.......#....23.5....**
*,,,,,,.....#####.)e15)....,***
+,,,,,,...##**,*###)e4.25..,+,*
*,,,,,,,##**,,,,**###.23...,*,*
**,,,,,,**,,,,,,,,,**.3e...**,*
,****,,,,,,,,,,,,,,,,e.5###*,,*
,,,,**,,,,,,,,,,,,,,,..##,,,,,*
,,,,,*,,,,,,,,,,,,,,,e.#,,,,,,*


You could see a Hell Sentinel, a lorocyproca (invisible), a reaper, a balrug, an
Executioner, a deep elf sorcerer (invisible), a soul eater, 2 sun demons, 2 deep
elf demonologists, a ynoxinul, a red devil and 3 ufetubi.

Vanquished Creatures
  Vashnia (Snake:4)
  Nikola (Swamp:2)
  A bone dragon (Swamp:3)
  A deep elf blademaster (Elf:3)
  4 thorn hunters
  Agnes (Snake:4)
  Frances (Swamp:1)
  4 greater nagas
  Roxanne (Elf:1)
  8 deep elf sorcerers (Elf:3)
  Aizul (Snake:1)
  2 orc warlords (Orc:4)
  The ghost of milky the Warrior, a journeyman DrBe of Trog (Orc:4)
  A deep elf annihilator (Elf:1)
  2 deep elf demonologists (Elf:3)
  2 deep elf death magi
  Snorg (D:14)
  3 crystal guardians (Elf:3)
  A fire dragon (D:15)
  A deep elf high priest (Elf:3)
  A minotaur (Lab)
  8 hydras
  12 naga warriors
  15 anacondas
  3 ice dragons
  3 ghost crabs (Swamp:4)
  Erica (D:10)
  3 centaur warriors
  14 dancing weapons (Elf:2)
  2 catoblepae
  9 alligators
  11 shock serpents
  2 tengu warriors (D:14)
  15 naga sharpshooters
  18 deep elf knights
  2 orc high priests
  2 salamander mystics (Snake:4)
  Sonja (D:12)
  2 wizards
  An unseen horror (D:13)
  8 naga ritualists
  A harpy (shapeshifter) (D:14)
  A shambling mangrove (Swamp:2)
  A spriggan druid (Swamp:3)
  5 swamp dragons
  3 spectral hydras (Swamp:4)
  4 large abominations (Elf:1)
  7 deep elf summoners
  5 orc knights
  10 mana vipers
  A necromancer (Elf:1)
  6 orc sorcerers
  An oklob plant (Swamp:4)
  14 ugly things
  6 hill giants
  11 deep elf conjurers
  A manticore (D:12)
  4 cyclopes
  7 salamanders
  A griffon (Lair:5)
  Maurice (D:13)
  19 naga magi
  Joseph (D:7)
  2 ice statues (IceCv)
  43 black mambas
  A torpor snail (Lair:6)
  3 gargoyles
  A swamp worm zombie (Swamp:4)
  6 guardian serpents
  30 spiny frogs
  7 komodo dragons
  3 small abominations (Elf:3)
  2 hydra zombies (Swamp:4)
  9 deep elf priests
  A polar bear (Lair:7)
  9 giant leeches
  15 slime creatures
  A spectral swamp dragon (Swamp:4)
  A two-headed ogre (D:13)
  18 blink frogs
  6 alligator zombies (Swamp:4)
  7 bog bodies
  10 trolls
  2 boulder beetles
  23 deep elf magi
  2 spriggans (Swamp:1)
  A wyvern (shapeshifter) (D:9)
  3 trapdoor spiders
  6 shadows
  A vampire (D:13)
  4 wyverns
  3 water elementals (D:12)
  20 deep elf fighters
  A fire elemental (D:14)
  30 yaks
  5 wargs
  7 hippogriffs
  A hungry ghost (D:10)
  Menkaure (D:5)
  66 nagas
  32 vampire mosquitoes
  5 wolves (Lair:7)
  19 swamp worms
  19 water moccasins
  A steam dragon (D:9)
  13 insubstantial wisps
  14 porcupines
  3 hell hounds (D:14)
  10 swamp drakes
  2 eyes of draining
  25 ice beasts
  30 orc warriors
  A swamp dragon zombie (Swamp:4)
  6 sky beasts
  A necrophage (D:14)
  8 wasps
  8 centaurs
  12 ogres
  16 crocodiles
  6 phantoms
  3 elf zombies (Elf:1)
  4 big kobolds
  38 giant frogs
  2 wyvern zombies
  10 electric eels
  4 scorpions
  18 killer bees
  4 crimson imps
  5 hounds
  17 wights
  4 centaur zombies
  A giant frog zombie (D:12)
  A quasit (D:10)
  19 orc priests
  5 centaur skeletons
  5 jellies
  Crazy Yiuf (D:2)
  26 orc wizards
  2 giant frog skeletons
  Jessica (D:2)
  A spectral swamp drake (Swamp:4)
  Terence (D:2)
  5 iguanas
  11 worker ants
  43 sheep
  A hound skeleton (D:7)
  A worker ant zombie (D:9)
  Robin (D:2)
  22 adders
  56 river rats
  3 gnolls (D:5)
  2 swamp drake zombies (Swamp:4)
  10 shadow imps
  An ooze (D:4)
  3 adder skeletons
  3 worms (D:3)
  161 orcs
  10 bats
  14 hobgoblins
  7 jackals
  18 kobolds
  3 quokkas
  2 ball pythons
  5 giant cockroaches
  8 giant geckos
  4 giant newts
  17 goblins
  2 jackal skeletons (D:4)
  7 rats
  11 briar patches
  A bush (Lair:8)
  2 crawling corpses
  14 fungi
  14 plants
1497 creatures vanquished.

Vanquished Creatures (collateral kills)
  Nessos (Lair:6)
  A deep elf demonologist (Elf:3)
  Azrael (D:14)
  2 deep elf annihilators (Elf:3)
  A crystal guardian (Elf:3)
  2 deep elf high priests (Elf:3)
  10 hydras
  An anaconda (Snake:4)
  2 alligators (Swamp:2)
  A centaur warrior (D:13)
  A dancing weapon (Elf:2)
  A deep elf knight (Elf:2)
  2 naga ritualists
  A hill giant (D:14)
  A spriggan druid (Swamp:4)
  A phantasmal warrior (Swamp:4)
  2 orc knights (Orc:4)
  An orc sorcerer (Orc:4)
  A guardian serpent (Snake:4)
  A black mamba (Snake:4)
  A spiny frog (Swamp:3)
  2 hydra zombies (Swamp:4)
  A spectral swamp dragon (Swamp:4)
  3 bog bodies
  2 alligator zombies (Swamp:4)
  10 slime creatures
  A blink frog (Swamp:4)
  A deep elf mage (Elf:3)
  2 fire elementals (D:14)
  A basilisk (Lair:4)
  2 yaks (Lair:4)
  A hippogriff (D:14)
  An insubstantial wisp (Swamp:4)
  A swamp worm (Swamp:2)
  3 nagas
  3 orc warriors (Orc:4)
  3 wasps (Swamp:2)
  An ice beast (D:14)
  2 swamp dragon zombies (Swamp:4)
  A crocodile (Lair:6)
  A phantom (Swamp:4)
  5 centaurs (D:14)
  A giant frog (Lair:6)
  2 briar patches (Swamp:2)
  A plant (Lair:6)
86 creatures vanquished.

Vanquished Creatures (others)
  A deep elf demonologist (Elf:3)
  A naga warrior (Snake:4)
  Erolcha (Orc:2)
  A phantasmal warrior (Swamp:4)
  A deep elf conjurer (Elf:1)
  A black mamba (Snake:2)
  A naga mage (Snake:1)
  A giant leech (Swamp:4)
  A deep elf mage (Elf:3)
  A bog body (Swamp:4)
  2 blink frogs (Swamp:4)
  A trapdoor spider (D:14)
  2 deep elf fighters
  A human (D:8)
  A quokka (D:12)
  A briar patch (Swamp:4)
  2 bushes (Lair:8)
  16 fungi
  10 plants
46 creatures vanquished.

Grand Total: 1629 creatures vanquished

Notes
Turn   | Place    | Note
--------------------------------------------------------------
     0 | D:1      | Eucla the Gargoyle Berserker began the quest for the Orb.
     0 | D:1      | Reached XP level 1. HP: 14/14 MP: 1/1
   350 | D:1      | Reached XP level 2. HP: 19/19 MP: 2/2
   670 | D:1      | Reached ** piety under Trog
  1538 | D:2      | Reached XP level 3. HP: 24/24 MP: 3/3
  1993 | D:2      | Noticed Robin
  2011 | D:2      | Killed Robin
  2011 | D:2      | Reached skill level 4 in Fighting
  2011 | D:2      | Reached XP level 4. HP: 29/29 MP: 4/4
  2088 | D:2      | Reached *** piety under Trog
  2134 | D:2      | Noticed Crazy Yiuf
  2149 | D:2      | Killed Crazy Yiuf
  2457 | D:2      | Noticed Jessica
  2473 | D:2      | Killed Jessica
  2473 | D:2      | Reached XP level 5. HP: 5/34 MP: 5/5
  2747 | D:2      | Noticed Terence
  2759 | D:2      | Killed Terence
  2992 | D:3      | Found a shadowy altar of Dithmenos.
  2992 | D:3      | Found a glowing golden altar of the Shining One.
  2993 | D:3      | Found an ancient bone altar of Kikubaaqudgha.
  2993 | D:3      | Found a blossoming altar of Fedhas.
  2993 | D:3      | Found a deep blue altar of Sif Muna.
  2995 | D:3      | Found a white marble altar of Elyvilon.
  2995 | D:3      | Found an iron altar of Okawaru.
  3001 | D:3      | Found a basalt altar of Yredelemnul.
  3119 | D:3      | You fall through a shaft!
  3419 | D:3      | Reached XP level 6. HP: 40/40 MP: 6/6
  3453 | D:3      | Received a gift from Trog
  3796 | D:4      | Found a staircase to the Ecumenical Temple.
  3814 | D:4      | Noticed an ogre
  3820 | D:4      | Killed an ogre
  3820 | D:4      | Reached skill level 5 in Fighting
  3844 | D:4      | Noticed an ogre
  3853 | D:4      | Killed an ogre
  3853 | D:4      | Reached XP level 7. HP: 35/44 MP: 7/7
  4146 | D:5      | Entered Level 5 of the Dungeon
  4247 | D:5      | Reached **** piety under Trog
  4495 | D:5      | Reached skill level 5 in Armour
  4504 | D:5      | Reached XP level 8. HP: 6/51 MP: 8/8
  4508 | D:5      | Reached skill level 6 in Fighting
  4792 | D:5      | Found Ifut Tosk's Book Shoppe.
  4853 | D:5      | Noticed Menkaure
  4861 | D:5      | Killed Menkaure
  4861 | D:5      | Reached skill level 5 in Axes
  5830 | D:6      | Found a stormy altar of Qazlal.
  5856 | D:6      | Found an opulent altar of Gozag.
  5861 | D:6      | Found a snail-covered altar of Cheibriados.
  6254 | D:7      | Noticed Joseph
  6256 | D:7      | Reached skill level 5 in Dodging
  6286 | D:7      | Killed Joseph
  6286 | D:7      | Reached skill level 7 in Fighting
  6286 | D:7      | Reached XP level 9. HP: 5/57 MP: 9/9
  6672 | D:7      | Noticed an angel
  6673 | D:7      | Found a glowing silver altar of Zin.
  6675 | D:7      | Found a shimmering altar of Xom.
  7142 | D:7      | Reached ***** piety under Trog
  7494 | D:8      | Found an ancient bone altar of Kikubaaqudgha.
  8288 | D:9      | Reached skill level 8 in Fighting
  8365 | D:9      | Reached XP level 10. HP: 32/64 MP: 6/10
  8546 | D:9      | Noticed a cyclops
  8553 | D:9      | Killed a cyclops
  9207 | D:9      | Got a heavily runed steel amulet
  9208 | D:9      | Identified the amulet "Huufiune" {rMut rC++} (You found it on level 9 of the Dungeon)
  9456 | D:9      | Received a gift from Trog
  9531 | D:9      | Reached skill level 9 in Fighting
  9642 | D:9      | Found a staircase to the Orcish Mines.
  9724 | D:10     | Entered Level 10 of the Dungeon
  9866 | D:10     | Found a flagged portal.
  9888 | Bailey   | Entered a bailey
 10026 | Bailey   | Noticed an orc knight
 10128 | Bailey   | Noticed an orc knight
 10183 | Bailey   | Killed an orc knight
 11125 | D:10     | Reached XP level 11. HP: 71/71 MP: 11/11
 11187 | D:10     | Found a staircase to the Lair.
 11195 | D:10     | Found Zykol's Gadget Shoppe.
 11203 | D:10     | Noticed Erica
 11215 | D:10     | Killed Erica
 11342 | D:10     | Noticed a hill giant
 11350 | D:10     | Killed a hill giant
 11533 | Lair:1   | Entered Level 1 of the Lair of Beasts
 11536 | Lair:1   | Reached skill level 10 in Fighting
 11785 | Lair:1   | Found a basalt altar of Yredelemnul.
 11910 | Lair:1   | Reached skill level 10 in Armour
 12488 | Lair:2   | Found a dark tunnel.
 12501 | Volcano  | Entered a volcano
 12753 | Lair:2   | Reached XP level 12. HP: 30/79 MP: 12/12
 12802 | Lair:2   | Received a gift from Trog
 13282 | Lair:3   | Reached skill level 11 in Fighting
 13359 | Lair:3   | Got a slimy chain mail
 13370 | Lair:3   | Identified the +8 chain mail "Jererrut" {rC+} (You found it on level 3 of the Lair of Beasts)
 13540 | Lair:3   | Got a bloodstained ring mail
 13551 | Lair:3   | Identified the cursed +0 ring mail of Satuer {rF+} (You found it on level 3 of the Lair of Beasts)
 13598 | Lair:3   | Received a gift from Trog
 14184 | Lair:4   | Noticed a six-headed hydra
 14192 | Lair:4   | Killed a seven-headed hydra
 14393 | Lair:4   | Noticed a four-headed hydra
 14407 | Lair:4   | Killed a 13-headed hydra
 14865 | Lair:5   | Found a staircase to the Swamp.
 15366 | Lair:5   | You fall through a shaft for 2 floors!
 15370 | Lair:7   | Reached skill level 10 in Axes
 15454 | Lair:6   | Noticed a five-headed hydra
 15457 | Lair:6   | Killed a five-headed hydra
 15460 | Lair:6   | Noticed Nessos
 15476 | Lair:6   | Killed Nessos
 15882 | Lair:6   | Identified a scroll of acquirement
 15885 | Lair:6   | Got an iridescent executioner's axe
 15886 | Lair:6   | Identified the +4 executioner's axe of the Common Good {venom, rC- Str+2 Stlth+} (You acquired it on level 6 of the Lair of Beasts)
 15985 | Lair:6   | Reached XP level 13. HP: 85/85 MP: 13/13
 15988 | Lair:6   | Reached skill level 12 in Fighting
 16065 | Lair:6   | Noticed a five-headed hydra
 16080 | Lair:6   | Found a staircase to the Snake Pit.
 16101 | Lair:6   | Killed a seven-headed hydra
 16187 | Lair:5   | Received a gift from Trog
 16993 | Lair:7   | Found a staircase to the Slime Pits.
 17006 | Lair:7   | Noticed a five-headed hydra
 17011 | Lair:7   | Killed a six-headed hydra
 17103 | Lair:7   | Noticed a seven-headed hydra
 17112 | Lair:7   | Killed an 11-headed hydra
 17787 | Lair:8   | Entered Level 8 of the Lair of Beasts
 17861 | Lair:8   | Reached skill level 10 in Dodging
 18255 | Lair:8   | Reached ****** piety under Trog
 18286 | Lair:8   | Reached skill level 13 in Fighting
 18321 | Lair:8   | Received a gift from Trog
 18532 | Lair:8   | Gained mutation: Your large and strong wings let you fly indefinitely. [Gargoyle growth]
 18532 | Lair:8   | Reached XP level 14. HP: 57/94 MP: 14/14
 18569 | Lair:8   | Reached skill level 1 in Evocations
 18677 | Lair:8   | Received a gift from Trog
 19289 | D:11     | Reached skill level 5 in Evocations
 19682 | D:12     | Noticed Sonja
 19712 | D:12     | Killed Sonja
 19712 | D:12     | Received a gift from Trog
 20341 | D:13     | Found a labyrinth entrance.
 20346 | Lab      | Entered a labyrinth
 20486 | Lab      | Reached skill level 10 in Evocations
 20890 | Lab      | Got an encrusted scale mail
 20901 | Lab      | Identified the +4 scale mail of Incorporation {Str+3} (You found it in a labyrinth)
 21020 | D:13     | Found a gate to the Vaults.
 21070 | D:13     | Noticed Maurice
 21098 | D:13     | Killed Maurice
 21130 | D:13     | Identified a +1 pair of boots of running (You acquired it on level 13 of the Dungeon)
 21743 | D:14     | Noticed Snorg
 21749 | D:14     | Killed Snorg
 21921 | D:14     | Paralysed by a wizard for 2 turns
 21963 | D:14     | Noticed Azrael
 21981 | D:14     | Received a gift from Trog
 21990 | D:14     | Killed Azrael
 22077 | D:14     | Reached XP level 15. HP: 53/98 MP: 24/24
 22771 | D:15     | Entered Level 15 of the Dungeon
 23405 | D:15     | Found a staircase to the Depths.
 23976 | Orc:1    | Entered Level 1 of the Orcish Mines
 24068 | Orc:1    | Found a frozen archway.
 24075 | Orc:1    | Received a gift from Trog
 24128 | IceCv    | Entered an ice cave
 24668 | IceCv    | Got a wavering jade amulet
 24688 | IceCv    | Identified the amulet of Trog's Scorn {Spirit Str+7} (You found it in an ice cave)
 25313 | Orc:2    | Noticed Erolcha
 25325 | Orc:2    | Killed Erolcha
 25548 | Orc:2    | Received a gift from Trog
 26287 | Orc:4    | Entered Level 4 of the Orcish Mines
 26361 | Orc:4    | Found Seahur's Antique Weapon Shoppe.
 26415 | Orc:4    | Received a gift from Trog
 26447 | Orc:4    | Noticed milky's ghost (journeyman DrBe)
 26474 | Orc:4    | Killed milky's ghost
 26728 | Orc:4    | Found Qecetz's General Store.
 26761 | Orc:4    | Found Paepuurgh's Jewellery Shop.
 26768 | Orc:4    | Found a staircase to the Elven Halls.
 27021 | Orc:4    | Received a gift from Trog
 27048 | Orc:4    | Found Iwimoxil's Antique Armour Boutique.
 27055 | Orc:4    | Reached skill level 14 in Fighting
 27073 | Orc:4    | Bought a runed helmet for 126 gold pieces
 27556 | Swamp:1  | Entered Level 1 of the Swamp
 27569 | Swamp:1  | Reached XP level 16. HP: 89/106 MP: 25/25
 27643 | Swamp:1  | Noticed Frances
 27655 | Swamp:1  | Killed Frances
 28168 | Swamp:2  | Received a gift from Trog
 28947 | Swamp:2  | Noticed Nikola
 28970 | Swamp:2  | Killed Nikola
 29209 | Swamp:2  | Noticed a thorn hunter
 29216 | Swamp:2  | Killed a thorn hunter
 29295 | Swamp:3  | Noticed a thorn hunter
 29529 | Swamp:3  | Killed a thorn hunter
 29911 | Swamp:3  | Noticed a thorn hunter
 29934 | Swamp:3  | Killed a thorn hunter
 29954 | Swamp:3  | Gained mutation: You are partially covered in rugged brown scales (AC +1, +3% HP). [potion of beneficial mutation]
 29966 | Swamp:3  | Received a gift from Trog
 30501 | Swamp:4  | Entered Level 4 of the Swamp
 30921 | Swamp:4  | Reached XP level 17. HP: 56/115 MP: 26/26
 31140 | Swamp:4  | Noticed a bone dragon
 31155 | Swamp:4  | Reached skill level 15 in Armour
 31434 | Swamp:3  | Killed a bone dragon
 31434 | Swamp:3  | Reached skill level 15 in Fighting
 31990 | Swamp:4  | Got a decaying rune of Zot
 31994 | Swamp:4  | Gained mutation: You have supernaturally acute eyesight. [potion of beneficial mutation]
 32287 | Swamp:4  | Received a gift from Trog
 32732 | Snake:1  | Entered Level 1 of the Snake Pit
 32734 | Snake:1  | Noticed Aizul
 32753 | Snake:1  | Killed Aizul
 34366 | Snake:2  | Received a gift from Trog
 34774 | Snake:2  | Reached XP level 18. HP: 81/123 MP: 27/27
 35130 | Snake:2  | Reached skill level 16 in Fighting
 35265 | Snake:2  | Found Sian's Food Shop.
 35297 | Snake:2  | Bought a meat ration for 55 gold pieces
 35297 | Snake:2  | Bought a royal jelly for 22 gold pieces
 35297 | Snake:2  | Bought a beef jerky for 16 gold pieces
 35297 | Snake:2  | Bought a bread ration for 55 gold pieces
 35297 | Snake:2  | Bought a meat ration for 55 gold pieces
 35297 | Snake:2  | Bought a slice of pizza for 16 gold pieces
 35297 | Snake:2  | Bought a bread ration for 55 gold pieces
 35297 | Snake:2  | Bought a meat ration for 55 gold pieces
 35297 | Snake:2  | Bought a beef jerky for 16 gold pieces
 35297 | Snake:2  | Bought a bread ration for 55 gold pieces
 35297 | Snake:2  | Bought a bread ration for 55 gold pieces
 36047 | Snake:3  | Found Onnuacut's Antique Weapon Shop.
 36059 | Snake:3  | Found Fonakoiq's Food Shoppe.
 36067 | Snake:3  | Bought a fruit for 19 gold pieces
 36067 | Snake:3  | Bought a bread ration for 65 gold pieces
 36067 | Snake:3  | Bought a bread ration for 65 gold pieces
 36067 | Snake:3  | Bought a meat ration for 65 gold pieces
 36067 | Snake:3  | Bought a beef jerky for 19 gold pieces
 36067 | Snake:3  | Bought a beef jerky for 19 gold pieces
 36067 | Snake:3  | Bought a beef jerky for 19 gold pieces
 36067 | Snake:3  | Bought a bread ration for 65 gold pieces
 36067 | Snake:3  | Bought a bread ration for 65 gold pieces
 36067 | Snake:3  | Bought a bread ration for 65 gold pieces
 36067 | Snake:3  | Bought a beef jerky for 19 gold pieces
 36121 | Snake:3  | Found Kyzonoi's Antique Weapon Boutique.
 36642 | Snake:3  | Found Geurus's Magic Scroll Shop.
 36645 | Snake:3  | Bought a scroll of holy word for 135 gold pieces
 36645 | Snake:3  | Bought a scroll of identify for 36 gold pieces
 36645 | Snake:3  | Bought a scroll of enchant armour for 135 gold pieces
 36645 | Snake:3  | Bought a scroll of identify for 36 gold pieces
 36880 | Snake:4  | Entered Level 4 of the Snake Pit
 37022 | Snake:4  | Noticed Agnes
 37043 | Snake:4  | Killed Agnes
 37424 | Snake:4  | Noticed Vashnia
 37434 | Snake:4  | Killed Vashnia
 37441 | Snake:4  | Received a gift from Trog
 38267 | Snake:4  | Received a gift from Trog
 38562 | Snake:4  | Reached XP level 19. HP: 130/130 MP: 28/28
 38900 | Snake:4  | Reached skill level 17 in Fighting
 38993 | Snake:4  | Got a serpentine rune of Zot
 39450 | Lair:4   | Noticed a catoblepas
 39460 | Lair:4   | Killed a catoblepas
 39676 | Elf:1    | Entered Level 1 of the Elven Halls
 39688 | Elf:1    | Noticed Roxanne
 39714 | Elf:1    | Killed Roxanne
 40114 | Elf:1    | Received a gift from Trog
 40285 | Elf:1    | Reached skill level 15 in Axes
 40507 | Elf:1    | Received a gift from Trog
 40667 | Elf:2    | Found Xaunil's Assorted Antiques.
 40687 | Elf:2    | Bought a potion of curing for 111 gold pieces
 40836 | Elf:2    | Found a huge runed gate.
 40836 | Elf:2    | Found a huge runed gate.
 40836 | Elf:2    | Found a huge runed gate.
 40837 | Elf:2    | Found a huge runed gate.
 40838 | Elf:2    | Found a huge runed gate.
 41422 | Elf:2    | Received a gift from Trog
 41604 | Elf:3    | Entered Level 3 of the Elven Halls
 41604 | Elf:3    | Found Hagirig's Assorted Antiques.
 41604 | Elf:3    | Found Cuptint's General Store.
 41629 | Elf:3    | Bought a crooked glass wand for 112 gold pieces
 41629 | Elf:3    | Bought an amulet of regeneration for 840 gold pieces
 42228 | Elf:3    | Received a gift from Trog
 42242 | Elf:3    | Got a scorched battleaxe {god gift}
 42243 | Elf:3    | Identified the +4 battleaxe of Flawed Execution {drain, +Rage Str+2 Int+10 Dex-5} (Trog gifted it to you on level 3 of the Elven Halls)
 42387 | Elf:3    | Reached XP level 20. HP: 90/140 MP: 29/29
 42446 | Elf:3    | Got a heavily runed jade ring
 42451 | Elf:3    | Got a smelly plate armour
 42480 | Elf:3    | Identified the +7 plate armour of Intuition {Int+3} (You took it off a deep elf high priest on level 3 of the Elven Halls)
 42697 | Elf:3    | Reached skill level 18 in Fighting
 42712 | Elf:3    | HP: 7/210 [balrug/bolt of fire[a deep elf demonologist] (4)]
 42715 | Elf:3    | Killed from afar by a balrug

Action                   |  1- 3 |  4- 6 |  7- 9 | 10-12 | 13-15 | 16-18 | 19-21 || total
-------------------------+-------+-------+-------+-------+-------+-------+-------++-------
Melee: Hand axe          |   109 |    56 |       |       |       |       |       ||   165
       War axe           |       |   172 |   348 |   660 |       |       |       ||  1180
       Executioner's axe |       |       |       |     6 |  1175 |  1268 |   606 ||  3055
       Battleaxe         |       |       |       |       |       |    63 |    92 ||   155
Invok: Berserk           |     1 |     2 |     5 |     5 |     9 |     3 |     5 ||    30
       Trog's Hand       |       |       |       |     1 |     1 |     1 |       ||     3
       Brothers in Arms  |       |       |       |     4 |     6 |    12 |     5 ||    27
       Burn Spellbooks   |       |       |       |     1 |     1 |     2 |     3 ||     7
 Abil: Evoke Invisibilit |       |       |       |     1 |       |       |       ||     1
       Fly               |       |       |       |       |     1 |     1 |       ||     2
Evoke: Disc of storms    |       |       |       |       |       |     6 |     3 ||     9
       Lamp of fire      |       |       |       |       |       |     1 |       ||     1
       Sack of spiders   |       |       |       |       |       |     1 |       ||     1
  Use: Scroll            |       |       |       |    30 |    15 |    10 |     1 ||    56
       Potion            |       |       |       |     3 |     2 |     5 |       ||    10
 Stab: Distracted        |       |       |       |       |       |     2 |       ||     2
       Confused          |       |       |       |       |       |     1 |       ||     1
  Eat: Chunk             |     3 |     7 |    10 |     7 |     7 |     4 |       ||    38
       Fruit             |       |     4 |       |    14 |     9 |     1 |       ||    28
       Pizza             |       |       |     1 |     2 |       |     1 |       ||     4
       Royal jelly       |       |       |     1 |       |       |     1 |       ||     2
       Beef jerky        |       |       |     7 |     2 |     2 |     8 |       ||    19
       Meat ration       |       |       |       |     1 |     6 |     6 |     3 ||    16
